 Dungeon Crawl Stone Soup version 0.28.0-53-g5a82cb258f (webtiles) character file.

Game seed: 10167009173249549714

514 ZappyNine the Conjurer (level 7, -32/57 HPs)
             Began as a Purple Draconian Conjurer on June 1, 2022.
             Was an Initiate of Sif Muna.
             Annihilated by Gastronok (36 damage)
             ... on level 8 of the Dungeon.
             The game lasted 00:05:35 (4610 turns).

ZappyNine the Conjurer (Purple Draconian Conjurer)  Turns: 4610, Time: 00:05:36

Health: -32/57     AC:  6    Str: 10    XL:     7   Next: 0%
Magic:  2/13       EV: 12    Int: 20    God:    Sif Muna [......]
Gold:   217        SH:  0    Dex:  9    Spells: 7/14 levels left

rFire   . . .      SeeInvis .   m - staff of cold
rCold   + . .      Faith    .   (no shield)
rNeg    . . .      Spirit   .   (armour unavailable)
rPois   .          Reflect  .   (helmet restricted)
rElec   .          Harm     .   (no cloak)
rCorr   .          Rampage  .   (no gloves)
Will    +....                   (no boots)
Stlth   ++........              (no amulet)
HPRegen 0.19/turn               (no ring)
MPRegen 0.13/turn               (no ring)

@: mighty
A: breathe power, AC +6, unfitting armour, cold-blooded
a: Breathe Dispelling Energy, Renounce Religion


You were on level 8 of the Dungeon.
You worshipped Sif Muna.
Sif Muna was noncommittal.
You visited 1 branch of the dungeon, and saw 6 of its levels.

You collected 217 gold pieces.

Inventory:

Hand Weapons
 k - a +0 dagger
Magical Staves
 m - a staff of cold (weapon)
Wands
 q - a wand of digging (1)
Scrolls
 a - 3 scrolls of identify {unknown}
 b - a scroll of amnesia {unknown}
 c - a scroll of holy word {unknown}
 f - a scroll of fog {unknown}
 g - a scroll of blinking {unknown}
 h - a scroll of fear {unknown}
 o - a scroll of enchant armour {unknown}
 p - a scroll of teleportation {unknown}
Potions
 e - 2 potions of curing
 j - 2 potions of degeneration {unknown}
 l - 4 potions of attraction {unknown}
 n - a potion of mutation {unknown}


   Skills:
 + Level 3.1 Fighting
 + Level 3.2 Staves
 - Level 1.7 Dodging
 - Level 1.7 Stealth
 - Level 4.1 Spellcasting
 - Level 5.0 Conjurations
 - Level 3.2 Translocations
 + Level 0.0 Evocations


You had 7 spell levels left.
You knew the following spells:

 Your Spells              Type           Power      Damage    Failure   Level
a - Magic Dart            Conj           96%        1d7       1%          1
b - Searing Ray           Conj           48%        2d6       2%          2
c - Iskenderun's Mystic   Conj/Tloc      20%        2d6       22%         4

Your spell library contained the following spells:

 Spells                   Type           Power      Damage    Failure   Level
 Dazzling Flash           Conj/Hex       28%        N/A       13%         3
 Fulminant Prism          Conj/Hex       7%         3d7       41%         4


Dungeon Overview and Level Annotations

Branches:
Dungeon (5/15)
 Temple: D:4-7

Altars:
Fedhas
Gozag
Kikubaaqudgha
Qazlal
Sif Muna
Uskayaw
The Shining One
Beogh

Shops:
D:3 *

Annotations:
D:3 3 runed translucent doors, ZoeForever1's ghost, amateur HuCA
D:8 Gastronok


Innate Abilities, Weirdness & Mutations

You can breathe bolts of dispelling energy.
Your rich purple scales are hard. (AC +6)
You cannot fit into any form of body armour.
You are cold-blooded and may be slowed by cold attacks.


Message History

Gastronok is moderately wounded.
Without enough magic to sustain it, your searing ray dissipates.
Unknown command.
It was a potion of heal wounds.
You feel much better.
Gastronok sloshes about.
Gastronok waves his eye-stalks in wide circles.
The air twists around and strikes you!!
Ouch! That really hurt!
Unknown command.
You feel much better.
Unknown command.
You hit Gastronok but do no damage.
Gastronok is moderately wounded.
Gastronok gurgles, "You're how I like my food.
Fast!"
Gastronok waves his eye-stalks in wide circles.
The air twists around and strikes you!!
* * * LOW HITPOINT WARNING * * *
Unknown command.
You feel much better.
Unknown command.
It was a potion of curing.
You feel better. Gastronok closely misses you.
It was a potion of might.
You feel very mighty all of a sudden.
You hit Gastronok. You tail-slap Gastronok.
Gastronok is moderately wounded.
Gastronok bites you!!!
Ouch! That really hurt!
* * * LOW HITPOINT WARNING * * *
You hit Gastronok. You tail-slap Gastronok! You punch Gastronok!
Gastronok is heavily wounded.
You feel much better. Gastronok bites you!!
* * * LOW HITPOINT WARNING * * *
Unknown command.
You hit Gastronok.
Gastronok is heavily wounded.
You hit Gastronok!
Gastronok is heavily wounded.
Gastronok bites you!!!
Ouch! That really hurt!
You die...

.. .. #. #.
###
#.###.########
#r#....#.....#
#w#....#.._..#
#.@....##...##
###........)#
#.....#.####
#.####### #..
#... #....
..###. #.# ..


You could see Gastronok (swift) and a quokka (summoned).

Vanquished Creatures
  Grinder (D:4)
  A black bear (D:4)
  A scorpion (D:4)
  2 hounds (D:4)
  5 adders
  2 adder skeletons (D:4)
  A worm (D:4)
  A dart slug (D:1)
  5 orcs
  3 endoplasms
  2 giant cockroaches (D:2)
  6 goblins
  5 hobgoblins
  2 kobolds (D:4)
  A quokka (D:3)
  7 ball pythons
  9 bats
  A frilled lizard (D:2)
  A quokka skeleton (D:4)
  A rat (D:3)
57 creatures vanquished.

Notes
Turn   | Place    | Note
-------+----------+-------------------------------------------
     0 | D:1      | ZappyNine the Draconian Conjurer began the quest for the
                  | Orb.
     0 | D:1      | Reached XP level 1. HP: 14/14 MP: 3/3
   281 | D:1      | Reached XP level 2. HP: 22/22 MP: 1/5
   282 | D:1      | Reached skill level 1 in Fighting
   802 | D:1      | Learned a level 2 spell: Searing Ray
  1142 | D:2      | Found a blossoming altar of Fedhas.
  1440 | D:2      | Reached XP level 3. HP: 28/28 MP: 2/6
  1484 | D:2      | Found a faded altar of an unknown god.
  2204 | D:3      | Found Esesahawn's Assorted Antiques.
  2223 | D:3      | Found a glowing golden altar of the Shining One.
  2480 | D:3      | Noticed a +0 spear
  2486 | D:3      | Found a stormy altar of Qazlal.
  2573 | D:3      | Noticed a +0 falchion
  2573 | D:3      | Noticed a +0 short sword
  2573 | D:3      | Noticed a +0 spear
  2574 | D:3      | Noticed a +0 dagger
  2574 | D:3      | Noticed a +0 short sword
  2574 | D:3      | Noticed a +0 falchion
  2574 | D:3      | Noticed a +0 dagger
  2591 | D:3      | Found a hide-covered altar of Uskayaw.
  2822 | D:3      | Found a runed translucent gate.
  2823 | D:3      | Found a runed translucent gate.
  2823 | D:3      | Noticed ZoeForever1's ghost (amateur HuCA)
  2824 | D:3      | Found a runed translucent gate.
  2824 | D:3      | Identified the +7 hand axe of the Howling Spider {venom,
                  | Dex+3}
  2824 | D:3      | Identified the +0 chain mail of Sixupn {Rampage rPois
                  | Str+4}
  3037 | D:4      | Found an opulent altar of Gozag.
  3082 | D:4      | Reached XP level 4. HP: 33/36 MP: 3/8
  3129 | D:4      | Found a shimmering blue altar of Sif Muna.
  3284 | D:4      | Became a worshipper of Sif Muna the Loreminder
  3295 | D:4      | Noticed a scorpion
  3300 | D:4      | Killed a scorpion
  3301 | D:4      | Reached skill level 5 in Conjurations
  3301 | D:4      | Reached XP level 5. HP: 40/45 MP: 3/10
  3306 | D:4      | Learned a level 4 spell: Iskenderun's Mystic Blast
  3398 | D:4      | Noticed Grinder
  3407 | D:4      | Paralysed by Grinder for 7 turns
  3414 | D:4      | Killed Grinder
  3415 | D:4      | Reached XP level 6. HP: 18/51 MP: 0/11
  4419 | D:4      | Your scales start taking on a rich purple colour.
  4419 | D:4      | Reached XP level 7. HP: 57/57 MP: 9/13
  4548 | D:5      | Entered Level 5 of the Dungeon
  4567 | D:5      | You fall into a shaft and drop 3 floors!
  4573 | D:8      | Found an ancient bone altar of Kikubaaqudgha.
  4587 | D:8      | Noticed Gastronok
  4610 | D:8      | Annihilated by Gastronok

Illustrated notes

Levels and vault maps discovered:
D:1:      lemuel_arrival_cross, layout_loops_ring
D:2:      layout_loops_ring, basic_altar, ebering_ecumenical_altar_hall
D:3:      layout_loops_ring, nicolae_uskayaw_en_pointe,
          mainiacjoe_overflow_cross_hatched,
          mainiacjoe_overflow_concentric_impassable, biasface_ghost_orc_armoury,
          serial_shops, nicolae_shop_hallway_plus, minmay_misc_feat_enclosed
D:4:      layout_basic, nicolae_gozag_seed_capital, minmay_ruined_shrine,
          uniq_grinder
D:5:      layout_loops_cross, mainiacjoe_overflow_brackets,
          nicolae_ashenzari_skybound, uniq_crazy_yiuf_cottage, uniq_eustachio,
          uniq_duvessa
D:8:      layout_loops_cross, old_standard_altar, mainiacjoe_overflow_alcove_1,
          nicolae_elevator_lobby_asterisk, uniq_gastronok

Skill      XL: |  1  2  3  4  5  6 |
---------------+-------------------+-----
Fighting       | 1 2 3 |  3.1
Spellcasting   | 3 4 |  4.1
Conjurations   | 5 |  5.0
Staves         | 2 3 |  3.2
Translocations | 2 3 |  3.2
Dodging        | |  1.7
Stealth        | |  1.7

Action                   |  1- 3 |  4- 6 |  7- 9 || total
-------------------------+-------+-------+-------++-------
Melee: Unarmed           |    70 |       |       ||    70
       Tailslap          |    16 |     1 |     2 ||    19
       Dagger            |    45 |       |       ||    45
       Staff             |     8 |    20 |     5 ||    33
       Punch             |       |       |     1 ||     1
 Cast: Magic Dart        |    13 |     2 |       ||    15
       Searing Ray       |    17 |    15 |     3 ||    35
  Use: Potion            |       |       |     6 ||     6
 Stab: Sleeping          |     1 |     1 |       ||     2
Armor: Skin              |    70 |    16 |     1 ||    87
Dodge: Dodged            |   110 |    28 |     1 ||   139
